 Dungeon Crawl Stone Soup version 0.28-a0-425-gd0eccab798 (webtiles) character file.

Game seed: 12643137045250072593

91 siradein the Magician (level 4, -11/24 HPs)
             Began as a Deep Elf Fire Elementalist on Sept 10, 2021.
             Killed by divine providence
             ... invoked by an orc priest
              (16 damage)
             ... on level 3 of the Dungeon.
             The game lasted 00:08:59 (2676 turns).

siradein the Magician (Deep Elf Fire Elementalist)  Turns: 2676, Time: 00:09:00

Health: -11/24     AC:  4    Str:  5    XL:     4   Next: 34%
Magic:  2/12       EV: 12    Int: 21    God:
Gold:   99         SH:  0    Dex: 15    Spells: 0/11 levels left

rFire   . . .      SeeInvis .   (no weapon)
rCold   . . .      Faith    .   (no shield)
rNeg    . . .      Spirit   .   a - +0 robe
rPois   .          Reflect  .   i - +1 helmet
rElec   .          Harm     .   (no cloak)
rCorr   .          Rampage  .   (no gloves)
Will    .....                   (no boots)
Stlth   ++........              (no amulet)
HPRegen 0.08/turn               (no ring)
MPRegen 0.13/turn               (no ring)

@: very slightly contaminated
A: no striking features
a: no special abilities


You were on level 3 of the Dungeon.
You visited 1 branch of the dungeon, and saw 3 of its levels.

You collected 99 gold pieces.

Inventory:

Armour
 a - a +0 robe (worn)
 i - a +1 helmet (worn)
Scrolls
 b - a scroll of identify
 c - 4 scrolls of enchant weapon
 e - a scroll of silence


   Skills:
 - Level 2.4 Dodging
 - Level 2.4 Stealth
 + Level 4.2 Spellcasting
 + Level 2.5 Conjurations
 + Level 1.3 Translocations
 + Level 4.1 Fire Magic


You couldn't memorise any spells.
You knew the following spells:

 Your Spells              Type           Power      Damage    Failure   Level
a - Foxfire               Conj/Fire      72%        2x1d7     3%          1
b - Scorch                Fire           42%        2d7       3%          2
c - Blink                 Tloc           N/A        N/A       11%         2
d - Conjure Flame         Conj/Fire      18%        6-21      9%          3
e - Inner Flame           Hex/Fire       13%        N/A       16%         3

Your spell library contained the following spells:

 Spells                   Type           Power      Damage    Failure   Level
 Lesser Beckoning         Tloc           10%        N/A       21%         3
 Flame Wave               Conj/Fire      18%        3d5       30%         4
 Manifold Assault         Tloc           10%        N/A       88%         5
 Alistair's Intoxication  Tmut/Pois      2%         N/A       97%         5
 Starburst                Conj/Fire      9%         6d5       99%         6
 Eringya's Noxious Bog    Tmut/Pois      2%         N/A       100%        6


Dungeon Overview and Level Annotations

Branches:
Dungeon (3/15)

Altars:


Message History

The orc priest calls down the wrath of Beogh upon you.
Beogh smites you!
The orc shouts!
Your magical contamination has completely faded away.
The orc priest casts a cantrip, but nothing happens.
The orc priest looks encouraged for a moment.
Casting: Scorch (safe; 3% risk of failure)
Press: ? - help, Q - select action, (/) - cycle Dir - look around, f - activate Flames lash the orc.
You kill the orc!
The orc priest invokes the aid of Beogh against you.
Beogh smites you!
Ouch! That really hurt!
* * * LOW HITPOINT WARNING * * *
Casting: Scorch (safe; 3% risk of failure)
Confirm with . or Enter, or press ? or * to list all spells.
You conjure some foxfire!
The foxfire hits the orc priest.
The orc priest is moderately wounded.
The foxfire hits the orc priest.
The orc priest is heavily wounded.
Casting: Foxfire (safe; 3% risk of failure)
Confirm with . or Enter, or press ? or * to list all spells.
You miscast Foxfire.
You are very lightly contaminated with residual magic.
Nothing appears to happen.
Casting: Foxfire (safe; 3% risk of failure)
Confirm with . or Enter, or press ? or * to list all spells.
You conjure some foxfire!
The foxfire hits the orc priest.
The orc priest is severely wounded.
The foxfire hits the orc priest.
The orc priest is severely wounded.
Casting: Foxfire (safe; 3% risk of failure)
Confirm with . or Enter, or press ? or * to list all spells.
You conjure some foxfire!
The orc priest invokes the aid of Beogh against you.
Beogh smites you!
Ouch! That really hurt!
You die...

#.# #o# #o#
#####o#######
#..†.........
#.##.........
###
#.##..#######
..# #.##.v# #.#
#.##@v# #.#
#.##..# #.#
#.##..# #.#
#.##..# #.#
#.##..# #<#
#.##..# #.#
#.##..#
#.#######.##..#
#.........#


You could see 2 orc priests and an orc (inner flame).

Vanquished Creatures
  3 adders (D:2)
  A worm (D:2)
  4 dart slugs
  An orc (D:3)
  7 ball pythons
  2 endoplasms (D:2)
  8 goblins
  5 hobgoblins
  5 quokkas
  5 bats
  A frilled lizard (D:2)
  4 kobolds
  2 rats
48 creatures vanquished.

Vanquished Creatures (others)
  62 foxfires
62 creatures vanquished.

Grand Total: 110 creatures vanquished

Notes
Turn   | Place    | Note
-------+----------+-------------------------------------------
     0 | D:1      | siradein the Deep Elf Fire Elementalist began the quest for
                  | the Orb.
     0 | D:1      | Reached XP level 1. HP: 10/10 MP: 6/6
    29 | D:1      | Got the Almanac of Torrid Venom
   442 | D:1      | Reached XP level 2. HP: 15/15 MP: 6/8
  1118 | D:1      | Found a faded altar of an unknown god.
  1299 | D:2      | Learned a level 2 spell: Scorch
  1302 | D:2      | Learned a level 2 spell: Blink
  1422 | D:2      | Reached XP level 3. HP: 19/19 MP: 7/10
  1827 | D:2      | Reached skill level 1 in Translocations
  1999 | D:2      | Reached XP level 4. HP: 24/24 MP: 7/12
  2047 | D:2      | Learned a level 3 spell: Conjure Flame
  2051 | D:2      | Learned a level 3 spell: Inner Flame
  2676 | D:3      | Killed from afar by an orc priest

Illustrated notes

Levels and vault maps discovered:
D:1:      amcnicky_arrival_double_pillar, layout_loops_ring,
          shapermc_ecumenical_altar_hornbeckon
D:2:      layout_loops_ring, minmay_vboxes
D:3:      layout_loops_ring, gammafunk_ghost_mausoleum,
          chequers_serial_rivers_small_a, uniq_terence, uniq_natasha

Skill      XL: |  1  2  3 |
---------------+----------+-----
Conjurations   | 2 |  2.5
Spellcasting   | 4 |  4.2
Translocations | 1 |  1.3
Fire Magic     | 4 |  4.1
Dodging        | |  2.4
Stealth        | |  2.4

Action                   |  1- 3 |  4- 6 || total
-------------------------+-------+-------++-------
 Cast: Foxfire           |    38 |     4 ||    42
       Scorch            |    21 |    12 ||    33
       Inner Flame       |       |     1 ||     1
  Use: Scroll            |     5 |       ||     5
       Potion            |     1 |       ||     1
Armor: Robe              |     6 |       ||     6
Dodge: Dodged            |    15 |     5 ||    20

Table legend: (Time is in decaauts)
 A = Elapsed time spent in this place.
 B = Non-inter-level travel time spent in this place.
 C = Inter-level travel time spent in this place.
 D = Time resting spent in this place.
 E = Time spent auto-exploring this place.
 F = Levels seen in this place.
 G = Mean time per level.
                   A        B        C        D        E       F      G
               +--------+--------+--------+--------+--------+-----+--------+
         Total |   2665 |   2599 |     66 |     77 |   2187 |   3 |  888.3 |
       Dungeon |   2665 |   2599 |     66 |     77 |   2187 |   3 |  888.3 |
               +--------+--------+--------+--------+--------+-----+--------+

Top non-repeatable levels by time:
     D:2: 1386 daAuts
     D:1: 1181 daAuts
     D:3: 96 daAuts
